AoeStats
← maxwarriner21

Arabia

505929977Analyzed
1v1 RM · 21d ago on Sep 11, 2026· 38m 1s· 2 players
Game mode
Random Map
Map size
Tiny (2 player)
Population
200
Speed
Normal
Resources
Standard
Victory
Conquest
Starting age
Dark Age
Ending age
Imperial Age
RankedLock teamsTeams togetherTeam positionsShared explorationLock speedFull tech treeHidden civsTurbo modeCheats
Victory
Defeat
🇹🇷 Poles · Türkiye
799
+15
🇺🇸 Aztecs · United States
780
-32
maxwarriner21
10:37 Feudal Age
12:46 Horse Collar
13:08 Double-Bit Axe
25:16 Castle Age
23:13 Stone Mining
23:13 Gold Mining
23:50 Man-at-Arms
26:05 Crossbowman
29:39 Scale Mail Armor
29:43 Padded Archer Armor
31:11 Eagle Warrior
35:54 Long Swordsman
yurigagarin
0:26 Loom
11:06 Feudal Age
12:49 Man-at-Arms
14:25 Wheelbarrow
14:40 Double-Bit Axe
14:36 Horse Collar
14:53 Gold Mining
16:31 Stone Mining
22:12 Castle Age
20:51 Forging
20:41 Scale Mail Armor
20:58 Scale Mail Armor
22:25 Long Swordsman
23:48 Stone Shaft Mining
25:31 Bow Saw
27:01 Chain Mail Armor
27:21 Iron Casting
26:24 Crossbowman
28:04 Heavy Plow
29:53 Hand Cart
31:03 Iron Casting
36:24 Imperial Age
34:35 Thumb Ring
34:23 Fletching
34:33 Padded Archer Armor
35:38 Szlachta Privileges
35:57 Bodkin Arrow
36:17 Leather Archer Armor
36:25 Arbalester
37:30 Conscription
36:38 Cavalier
37:21 Husbandry
36:46 Capped Ram
Connection lost

Rejoining the realm…

Still unreachable

The connection could not be restored.

Session expired

The server has moved on; the page needs a fresh start.